 Dungeon Crawl Stone Soup version 0.22-a0-525-gf69a080 (webtiles) character file.

119 kae the Insei (level 4, -1/36 HPs)
             Began as a Draconian Transmuter on June 21, 2018.
             Slain by a centaur skeleton (5 damage)
             ... on level 3 of the Dungeon.
             The game lasted 00:02:10 (1900 turns).

kae the Insei (Draconian Transmuter)                Turns: 1900, Time: 00:02:10

Health: -1/36      AC:  5    Str: 10 (12) XL:     4   Next: 73%
Magic:  2/7        EV: 12    Int: 11 (13) God:
Gold:   87         SH:  0    Dex: 10 (13) Spells: 5/8 levels left

rFire    . . .     SeeInvis .     - Unarmed
rCold    . . .     Gourm    +   (no shield)
rNeg     . . .     Faith    .   (armour unavailable)
rPois    .         Spirit   .   (helmet restricted)
rElec    .         Reflect  .   (no cloak)
rCorr    .         Harm     .   (no gloves)
MR       .....                  (no boots)
Stlth    +.........             b - amulet of the gourmand (curse)
HPRegen  0.12/turn              (no ring)
MPRegen  0.10/turn              (no ring)

@: about to teleport
A: unfitting armour, cold-blooded, AC +5
a: no special abilities


You were on level 3 of the Dungeon.
You were near starving.

You visited 1 branch of the dungeon, and saw 3 of its levels.

You collected 87 gold pieces.

Inventory:

Missiles
 a - 16 arrows
Jewellery
 b - a cursed amulet of the gourmand (around neck)
 d - an uncursed ring of stealth {unknown}
Potions
 e - a potion of flight
 g - a potion of degeneration
Comestibles
 c - 2 rations


   Skills:
 + Level 2.1 Fighting
 + Level 2.2 Dodging
 * Level 3.9 Unarmed Combat
 + Level 2.5 Spellcasting
 * Level 3.1 Transmutations


You had 5 spell levels left.
You knew the following spells:

 Your Spells              Type           Power        Failure   Level  Hunger
a - Beastly Appendage     Tmut           #.....       8%          1    ##.....
b - Sticks to Snakes      Tmut           #.......     12%         2    ###....

Your spell library contained the following spells:

 Spells                   Type           Power        Failure   Level  Hunger
 Spider Form              Tmut/Pois      #.........   41%         3    ####...
 Blade Hands              Tmut           #.........   91%         5    ######.
 Ice Form                 Ice/Tmut       #.......     82%         4    #####..


Dungeon Overview and Level Annotations

Branches:
Dungeon (3/15)

Altars:


Innate Abilities, Weirdness & Mutations

Your plain brown scales are hard. (AC +5)
You cannot fit into any form of body armour.
You are cold-blooded and may be slowed by cold attacks.


Message History

You swap places.
Your adder bites the orc priest.
The orc priest dies!
Your adder looks stronger.
You punch the orc!
You kill the orc!
You feel your intelligence returning.
Things that are here:
a whip; a leather armour You start resting.
A gnoll comes into view. It is wielding a club.
You swap places.
A gnoll comes into view. It is wielding a rapier.
You see here an orc corpse.
Okay, then.
Okay, then.
As you read the scroll of teleportation, it crumbles to dust.
You feel strangely unstable.
A centaur skeleton comes into view.
You butcher the orc corpse.
The centaur skeleton hits you.
You die...

##########
.........#
########Z##
###)@.#######
#...#S..gg...
#.#.).#####.#
#.##>## # #.#
#.# #?# #.#
...


You could see 2 gnolls, a centaur skeleton and a friendly adder.

Vanquished Creatures
  3 adders
  An ooze (D:2)
  3 dart slugs
  3 leopard geckos (D:1)
  2 orcs (D:3)
  A giant cockroach (D:1)
  4 goblins
  7 hobgoblins
  5 jackals (D:2)
  4 kobolds (D:1)
  3 bats
  5 frilled lizards
  2 rats (D:1)
43 creatures vanquished.

Vanquished Creatures (collateral kills)
  An orc priest (D:3)
  A dart slug (D:3)
  3 orcs (D:3)
  A bat (D:2)
  A giant cockroach (D:3)
  A hobgoblin (D:3)
  A jackal (D:2)
  A quokka (D:3)
10 creatures vanquished.

Grand Total: 53 creatures vanquished

Notes
Turn   | Place    | Note
-------+----------+-------------------------------------------
     0 | D:1      | kae the Draconian Transmuter began the quest for the Orb.
     0 | D:1      | Reached XP level 1. HP: 16/16 MP: 3/3
   198 | D:1      | Reached XP level 2. HP: 23/23 MP: 5/5
   677 | D:1      | Reached XP level 3. HP: 25/28 MP: 6/6
   961 | D:2      | Learned a level 2 spell: Sticks to Snakes
  1433 | D:2      | Reached XP level 4. HP: 32/36 MP: 7/7
  1900 | D:3      | Slain by a centaur skeleton

Vault maps used:
D:1:      kennysheep_arrival_forest
D:3:      cheibrodos_helix_gallery, first_ration,
          nicolae_gozag_cash_rules_everything_around_me

Skill      XL: |  1  2  3  4 |
---------------+-------------+-----
Dodging        | 2 |  2.2
Fighting       | 2 |  2.1
Transmutations | 3 |  3.1
Unarmed Combat | |  3.9
Spellcasting   | |  2.5

Action                   |  1- 3 |  4- 6 || total
-------------------------+-------+-------++-------
Melee: Unarmed           |   147 |    43 ||   190
       Tailslap          |    18 |     2 ||    20
       Kick              |     8 |       ||     8
       Punch             |     3 |     1 ||     4
       Headbutt          |     2 |       ||     2
 Cast: Beastly Appendage |    11 |       ||    11
       Sticks to Snakes  |     4 |     7 ||    11
  Use: Scroll            |     1 |     5 ||     6
       Potion            |       |     4 ||     4
  Eat: Chunk             |     4 |     1 ||     5
Armor: Skin              |    58 |    14 ||    72
Dodge: Dodged            |   124 |    19 ||   143

Table legend:
 A = Spawn XP
 B = Non-spawn XP
 C = Spawn XP percentage of total XP
 D = Spawn monster count
 E = Non-spawn monster count
 F = Spawn count percentage of total count
 G = Total turns spent on level
                    A         B        C        D         E        F      G
               +---------+---------+-------+---------+---------+-------+---------
         Total |       0 |     170 |   0.0 |       0 |      53 |   0.0 |  1900
               +---------+---------+-------+---------+---------+-------+---------
           D:1 |       0 |      41 |   0.0 |       0 |      22 |   0.0 |   794
           D:2 |       0 |      62 |   0.0 |       0 |      18 |   0.0 |   984
           D:3 |       0 |      67 |   0.0 |       0 |      13 |   0.0 |   122
               +---------+---------+-------+---------+---------+-------+---------
